[ AOE2 MATCH · #506237610 ]
UnrankedMalians vs Gurjaras
Player's team · LOSS
Rival team · WIN
[ REPLAY ANALYSIS · EXTRACTED FROM THE RECORDED GAME ]
Feudal
8:50
Castle
20:29
Imperial
38:04
| APM avg | 99.0 |
| APM peak | 137 |
| eAPM avg | 44.9 |
| Villagers / military | 209 / 155 |
Focus
⚔️ 37.4% · 🌾 62.6%
Archer ×66 · Skirmisher ×59 · Camel Scout ×14 · Mangonel ×7 · Militia ×3 · Gbeto ×2
Feudal
8:51
Castle
22:15
Imperial
45:23
| APM avg | 69.5 |
| APM peak | 106 |
| eAPM avg | 28.1 |
| Villagers / military | 179 / 175 |
Focus
⚔️ 41.8% · 🌾 58.2%
Scout Cavalry ×45 · Skirmisher ×30 · Elephant Archer ×28 · Camel Scout ×24 · Archer ×10 · Shrivamsha Rider ×10
Match map
Initial resources + every placement click. Lines = walls · curves = elevation contours. ◆ gold · ⬟ stone · ● berries · ✦ relic · ◌ wall gap
Your base· Open — 4t gap
Gabi's base· Open — 4t gap
Smoothed initial terrain · ◌ = detected wall gap · hover for details
Inputs per minute
— Lamo - - Gabi
Build order — Lamo
First 150 of 581 actions detected
| 0:00 | Create | Villager (Male) |
| 0:00 | Create | Villager (Male) |
| 0:01 | Create | Villager (Male) |
| 0:01 | Build | House |
| 0:02 | Build | House |
| 0:44 | Create | Villager (Male) |
| 1:25 | Create | Villager (Male) |
| 1:55 | Build | Lumber Camp |
| 2:00 | Create | Villager (Male) |
| 2:19 | Create | Villager (Male) |
| 2:19 | Create | Villager (Male) |
| 2:48 | Create | Villager (Male) |
| 3:14 | Create | Villager (Male) |
| 3:29 | Create | Villager (Male) |
| 3:40 | Create | Villager (Male) |
| 3:49 | Build | House |
| 4:21 | Create | Villager (Male) |
| 4:21 | Create | Villager (Male) |
| 4:42 | Create | Villager (Male) |
| 5:04 | Build | Barracks |
| 5:40 | Create | Villager (Male) |
| 5:45 | Research | Loom |
| 5:47 | Build | House |
| 6:36 | Create | Militia |
| 6:39 | Research | Feudal Age |
| 6:50 | Build | Mining Camp |
| 6:53 | Create | Militia |
| 7:28 | Create | Militia |
| 7:57 | Build | House |
| 8:01 | Build | House |
| 8:07 | Create | Villager (Male) |
| 8:29 | Build | Mill |
| 8:34 | Build | Palisade Wall |
| 8:48 | Create | Villager (Male) |
| 8:50 | Age | Feudal Age |
| 8:52 | Build | Archery Range |
| 8:53 | Research | Man-at-Arms (upgrade) |
| 9:00 | Create | Villager (Male) |
| 9:13 | Research | Double-Bit Axe |
| 9:39 | Build | House |
| 9:43 | Create | Archer |
| 9:46 | Build | Farm |
| 9:50 | Create | Villager (Male) |
| 10:04 | Build | Farm |
| 10:12 | Create | Archer |
| 10:26 | Create | Villager (Male) |
| 10:30 | Build | House |
| 10:40 | Create | Villager (Male) |
| 10:40 | Create | Villager (Male) |
| 11:05 | Build | Blacksmith |
| 11:07 | Create | Villager (Male) |
| 11:15 | Build | Farm |
| 11:25 | Create | Archer |
| 11:33 | Create | Villager (Male) |
| 11:40 | Build | House |
| 11:46 | Build | Palisade Wall |
| 11:51 | Build | Farm |
| 11:59 | Research | Fletching |
| 12:10 | Build | Farm |
| 12:19 | Create | Villager (Male) |
| 12:22 | Create | Archer |
| 12:32 | Build | Farm |
| 12:36 | Create | Villager (Male) |
| 12:48 | Create | Archer |
| 12:52 | Build | Farm |
| 13:12 | Create | Villager (Male) |
| 13:22 | Create | Archer |
| 13:30 | Create | Archer |
| 13:34 | Create | Villager (Male) |
| 13:35 | Build | Farm |
| 13:41 | Build | Farm |
| 13:46 | Build | Palisade Wall |
| 13:53 | Create | Archer |
| 13:54 | Create | Villager (Male) |
| 14:04 | Create | Archer |
| 14:10 | Create | Villager (Male) |
| 14:13 | Build | House |
| 14:15 | Create | Archer |
| 14:18 | Build | Farm |
| 14:45 | Create | Villager (Male) |
| 14:50 | Create | Archer |
| 15:04 | Create | Villager (Male) |
| 15:06 | Create | Archer |
| 15:27 | Create | Villager (Male) |
| 15:32 | Create | Archer |
| 15:39 | Build | Farm |
| 15:39 | Build | Farm |
| 15:43 | Build | Archery Range |
| 16:03 | Create | Villager (Male) |
| 16:08 | Create | Archer |
| 16:20 | Create | Villager (Male) |
| 16:27 | Create | Villager (Male) |
| 16:28 | Build | Farm |
| 16:28 | Build | Farm |
| 16:35 | Create | Archer |
| 16:45 | Build | Lumber Camp |
| 17:00 | Build | House |
| 17:05 | Create | Archer |
| 17:09 | Build | House |
| 17:14 | Create | Villager (Male) |
| 17:37 | Build | Palisade Wall |
| 17:50 | Research | Castle Age |
| 17:51 | Create | Archer |
| 17:51 | Create | Archer |
| 18:06 | Create | Archer |
| 18:06 | Create | Archer |
| 18:22 | Build | House |
| 18:33 | Build | House |
| 18:34 | Create | Archer |
| 18:34 | Create | Archer |
| 18:37 | Research | Padded Archer Armor |
| 19:15 | Create | Archer |
| 19:16 | Create | Archer |
| 19:34 | Build | House |
| 19:35 | Build | House |
| 19:36 | Create | Archer |
| 19:40 | Create | Archer |
| 19:53 | Research | Gold Mining |
| 19:59 | Build | House |
| 20:00 | Build | House |
| 20:02 | Create | Archer |
| 20:20 | Research | Horse Collar |
| 20:22 | Create | Villager (Male) |
| 20:27 | Create | Villager (Male) |
| 20:29 | Age | Castle Age |
| 20:31 | Build | University |
| 20:32 | Research | Crossbowman (upgrade) |
| 21:02 | Research | Bodkin Arrow |
| 21:23 | Build | House |
| 21:24 | Create | Villager (Male) |
| 21:34 | Research | Ballistics |
| 21:35 | Research | Ballistics |
| 21:41 | Create | Archer |
| 21:46 | Build | House |
| 21:48 | Create | Villager (Male) |
| 21:53 | Create | Archer |
| 21:53 | Create | Archer |
| 21:56 | Build | Palisade Wall |
| 22:05 | Create | Archer |
| 22:08 | Create | Villager (Male) |
| 22:19 | Create | Archer |
| 22:19 | Create | Archer |
| 22:23 | Create | Villager (Male) |
| 22:31 | Create | Villager (Male) |
| 23:04 | Create | Villager (Male) |
| 23:06 | Build | Siege Workshop |
| 23:13 | Create | Archer |
| 23:19 | Create | Archer |
| 23:30 | Build | Town Center |
| 23:32 | Create | Archer |
Build order — Gabi
First 150 of 569 actions detected
| 0:01 | Create | Villager (Male) |
| 0:01 | Create | Villager (Male) |
| 0:02 | Build | House |
| 0:03 | Build | House |
| 0:31 | Create | Villager (Male) |
| 0:36 | Build | Mill |
| 0:46 | Create | Villager (Male) |
| 1:32 | Create | Villager (Male) |
| 1:53 | Create | Villager (Male) |
| 2:25 | Create | Villager (Male) |
| 2:43 | Create | Villager (Male) |
| 2:52 | Build | House |
| 3:13 | Create | Villager (Male) |
| 3:35 | Create | Villager (Male) |
| 3:58 | Build | Lumber Camp |
| 4:05 | Create | Villager (Male) |
| 4:24 | Create | Villager (Male) |
| 4:50 | Create | Villager (Male) |
| 5:21 | Create | Villager (Male) |
| 5:40 | Create | Villager (Male) |
| 5:59 | Build | Palisade Wall |
| 6:03 | Build | Palisade Wall |
| 6:06 | Research | Loom |
| 6:21 | Build | Mining Camp |
| 6:34 | Research | Feudal Age |
| 6:54 | Build | Palisade Wall |
| 6:55 | Build | Palisade Wall |
| 7:27 | Build | House |
| 7:34 | Build | Palisade Wall |
| 7:35 | Build | Palisade Wall |
| 7:48 | Build | Palisade Wall |
| 7:58 | Build | Palisade Wall |
| 8:06 | Build | Barracks |
| 8:34 | Build | Palisade Wall |
| 8:40 | Create | Villager (Male) |
| 8:51 | Age | Feudal Age |
| 8:53 | Create | Villager (Male) |
| 9:02 | Build | Archery Range |
| 9:09 | Create | Villager (Male) |
| 9:23 | Create | Villager (Male) |
| 9:27 | Research | Double-Bit Axe |
| 9:46 | Build | House |
| 9:47 | Create | Archer |
| 9:51 | Create | Villager (Male) |
| 10:05 | Research | Horse Collar |
| 10:07 | Create | Archer |
| 10:08 | Create | Villager (Male) |
| 10:20 | Create | Villager (Male) |
| 10:38 | Build | Farm |
| 10:42 | Build | House |
| 10:45 | Create | Archer |
| 10:59 | Create | Villager (Male) |
| 11:01 | Build | Farm |
| 11:19 | Create | Villager (Male) |
| 11:21 | Build | Farm |
| 11:26 | Build | Farm |
| 11:32 | Create | Archer |
| 11:36 | Create | Villager (Male) |
| 11:37 | Build | House |
| 11:57 | Create | Archer |
| 12:02 | Create | Villager (Male) |
| 12:03 | Build | Farm |
| 12:05 | Build | Farm |
| 12:14 | Build | Farm |
| 12:31 | Create | Villager (Male) |
| 12:36 | Build | House |
| 12:40 | Create | Villager (Male) |
| 12:48 | Build | Palisade Wall |
| 12:49 | Build | Palisade Wall |
| 12:51 | Build | Palisade Wall |
| 12:51 | Create | Archer |
| 12:57 | Build | Palisade Wall |
| 13:01 | Build | Palisade Wall |
| 13:13 | Build | Blacksmith |
| 13:17 | Create | Villager (Male) |
| 13:25 | Create | Villager (Male) |
| 13:31 | Create | Skirmisher |
| 13:35 | Create | Villager (Male) |
| 13:42 | Create | Skirmisher |
| 13:46 | Create | Villager (Male) |
| 13:48 | Build | Farm |
| 13:53 | Research | Padded Archer Armor |
| 14:04 | Create | Villager (Male) |
| 14:07 | Build | Farm |
| 14:12 | Create | Skirmisher |
| 14:24 | Create | Villager (Male) |
| 14:28 | Create | Skirmisher |
| 14:33 | Create | Villager (Male) |
| 14:52 | Create | Skirmisher |
| 14:52 | Create | Skirmisher |
| 14:52 | Create | Villager (Male) |
| 15:06 | Create | Skirmisher |
| 15:10 | Create | Villager (Male) |
| 15:31 | Create | Villager (Male) |
| 15:41 | Build | Farm |
| 15:42 | Build | Farm |
| 15:43 | Build | Archery Range |
| 15:45 | Research | Fletching |
| 15:58 | Create | Villager (Male) |
| 16:25 | Create | Skirmisher |
| 16:29 | Build | Farm |
| 16:32 | Build | Farm |
| 16:33 | Build | Farm |
| 16:36 | Build | House |
| 16:39 | Create | Archer |
| 16:43 | Build | Farm |
| 16:55 | Create | Villager (Male) |
| 17:04 | Create | Villager (Male) |
| 17:05 | Create | Skirmisher |
| 17:07 | Build | House |
| 17:08 | Build | House |
| 17:16 | Build | Farm |
| 17:36 | Create | Villager (Male) |
| 17:38 | Build | House |
| 17:45 | Create | Archer |
| 17:49 | Create | Skirmisher |
| 18:07 | Create | Villager (Male) |
| 18:25 | Create | Archer |
| 18:48 | Create | Archer |
| 18:51 | Build | Lumber Camp |
| 19:17 | Create | Skirmisher |
| 19:35 | Research | Castle Age |
| 19:52 | Create | Skirmisher |
| 20:03 | Build | Lumber Camp |
| 20:08 | Create | Skirmisher |
| 20:11 | Create | Skirmisher |
| 20:13 | Research | Gold Mining |
| 20:20 | Build | House |
| 20:29 | Create | Skirmisher |
| 20:52 | Create | Skirmisher |
| 20:59 | Build | Farm |
| 21:12 | Create | Skirmisher |
| 21:20 | Create | Skirmisher |
| 21:22 | Build | Watch Tower |
| 21:25 | Create | Skirmisher |
| 21:32 | Build | House |
| 21:35 | Build | House |
| 21:39 | Create | Skirmisher |
| 22:15 | Research | Town Watch |
| 22:15 | Age | Castle Age |
| 22:18 | Research | Bodkin Arrow |
| 22:19 | Research | Elite Skirmisher (upgrade) |
| 22:21 | Create | Villager (Male) |
| 22:24 | Research | Bow Saw |
| 22:37 | Create | Villager (Male) |
| 22:42 | Create | Villager (Male) |
| 22:56 | Create | Villager (Male) |
| 22:58 | Create | Villager (Male) |
| 23:11 | Create | Skirmisher |
| 23:11 | Create | Skirmisher |
Match timeline
| 5:04 | Lamo · first_building Barracks |
| 5:59 | Gabi · wall_segment Palisade Wall x1 |
| 6:03 | Gabi · wall_segment Palisade Wall x4 |
| 6:54 | Gabi · wall_segment Palisade Wall x5 |
| 6:55 | Gabi · wall_segment Palisade Wall x1 |
| 7:34 | Gabi · wall_segment Palisade Wall x1 |
| 7:35 | Gabi · wall_segment Palisade Wall x1 |
| 7:48 | Gabi · wall_segment Palisade Wall x7 |
| 7:58 | Gabi · wall_segment Palisade Wall x4 |
| 8:06 | Gabi · first_building Barracks |
| 8:34 | Gabi · wall_segment Palisade Wall x1 |
| 8:34 | Lamo · wall_segment Palisade Wall x1 |
| 8:50 | Lamo · age_up feudal |
| 8:51 | Gabi · age_up feudal |
| 8:52 | Lamo · first_building Archery Range |
| 9:02 | Gabi · first_building Archery Range |
| 11:46 | Lamo · wall_segment Palisade Wall x11 |
| 12:48 | Gabi · wall_segment Palisade Wall x1 |
| 12:49 | Gabi · wall_segment Palisade Wall x1 |
| 12:51 | Gabi · wall_segment Palisade Wall x1 |
| 12:57 | Gabi · wall_segment Palisade Wall x1 |
| 13:01 | Gabi · wall_segment Palisade Wall x1 |
| 13:46 | Lamo · wall_segment Palisade Wall x6 |
| 17:37 | Lamo · wall_segment Palisade Wall x7 |
| 20:29 | Lamo · age_up castle |
| 21:56 | Lamo · wall_segment Palisade Wall x2 |
| 22:15 | Gabi · age_up castle |
| 23:06 | Lamo · first_building Siege Workshop |
| 26:47 | Gabi · first_building Monastery |
| 28:36 | Gabi · first_building Siege Workshop |
| 29:25 | Lamo · first_market_buy 100 wood |
| 33:03 | Lamo · first_building Monastery |
| 33:44 | Gabi · first_building Castle |
| 36:54 | Gabi · wall_segment Stone Wall x1 |
| 37:25 | Lamo · first_market_sell 100 food |
| 38:04 | Lamo · age_up imperial |
| 40:23 | Gabi · first_market_buy 100 food |
| 40:37 | Gabi · first_building Stable |
| 41:27 | Lamo · first_building Castle |
| 43:02 | Lamo · first_building Stable |
| 45:23 | Gabi · age_up imperial |
| 45:29 | Gabi · first_market_sell 100 wood |
| 47:49 | Lamo · wall_segment Stone Wall x1 |
| 47:51 | Lamo · wall_segment Stone Wall x1 |
| 51:24 | Lamo · resign |
[ AI ANALYSIS · 1 CREDIT ]
What really happened in this match?
Wolo.gg analyzes every decision: build order, eco, micro, common mistakes by bracket. Personalized analysis on WhatsApp or Discord in 30 seconds.
Civ guide
Malians
Perfil
Jugador #5188554